 Dungeon Crawl Stone Soup version 0.31-a0-654-gbe3e110b4e (webtiles) character file.

Game seed: 9218464930076397221

31488 kae the Mimic (level 13, -5/100 HPs)
             Began as a Demonspawn Shapeshifter on Aug 29, 2023.
             Was a High Priest of Wu Jian.
             Killed from afar by a bog body (34 damage)
             ... with a bolt of cold
             ... on level 3 of the Lair of Beasts.
             The game lasted 00:19:58 (16379 turns).

kae the Mimic (Demonspawn Shapeshifter)            Turns: 16379, Time: 00:19:59

Health: -5/100     AC: 18    Str: 26    XL:     13   Next: 26%
Magic:  13/13      EV: 16    Int: 11    God:    Wu Jian [*****.]
Gold:   965        SH:  0    Dex: 17    Spells: 12/12 levels left

rFire   + +          .
                       - Unarmed
rCold   x . .        (shield currently unavailable)
rNeg    + . .        j - melded +2 robe of Distant Worlds {Int+2 Dex+2}
rPois   +            L - melded +2 helmet of the Green God {rPois}
rElec   .            S - melded +1 cloak
rCorr   .            (gloves currently unavailable)
SInv    .            (boots currently unavailable)
Will    .....        (no amulet)
Stlth   ++           E - +5 ring of evasion
HPRegen 4.36/turn    N - ring of positive energy
MPRegen 0.13/turn

%: no passive effects
@: dragon-form, sanguine armoured, flying
A: dragon claw, dragon scales, breathe fire, flying, giant, (claws 1), demonic
guardian 2, powered by death 2, augmentation 1, sanguine armour 2, (cold
vulnerability 1)
a: Breathe Fire, Begin Untransformation, Renounce Religion, Wall Jump, Serpent's
Lash, Heavenly Storm


You were on level 3 of the Lair of Beasts.
You worshipped Wu Jian.
Wu Jian was extremely pleased with you.
You were a fearsome dragon!
You visited 3 branches of the dungeon, and saw 16 of its levels.
You also visited: Sewer and Gauntlet.

You collected 1005 gold pieces.
You spent 40 gold pieces at shops.


Innate Abilities, Weirdness & Mutations

You are a fearsome dragon!
You have a powerful clawing attack.
Your giant scaled body is strong and resilient, but less evasive.
You can breathe fire.
You are flying.
Your armour is entirely melded.
You are incapable of wielding weapons or throwing items.
((You have sharp fingernails.))
A demonic guardian rushes to your aid.
You regenerate health from kills.
Your magical and physical power is slightly enhanced at high health.
When seriously injured, your blood forms thick armour. (AC +9)
((You are vulnerable to cold. (rC-)))


   Skills:
 - Level 8.0 Fighting
 - Level 8.0 Dodging
 + Level 12.5 Unarmed Combat
 * Level 12.8 Shapeshifting


You had 12 spell levels left.
You didn't know any spells.
Your spell library contained the following spells:

 Spells                   Type           Power      Damage    Failure   Level
 Magic Dart               Conj           0%         1d3       34%         1
 Sandblast                Erth           0%         2d4       34%         1
 Shock                    Conj/Air       0%         1d3       34%         1
 Slow                     Hex            0%         N/A       34%         1
 Call Imp                 Summ           0%         N/A       47%         2
 Passwall                 Tmut/Erth      0%         N/A       47%         2
 Poisonous Vapours        Pois/Air       0%         N/A       47%         2
 Confusing Touch          Hex            0%         N/A       71%         3
 Mephitic Cloud           Conj/Pois/Air  0%         N/A       71%         3
 Stone Arrow              Conj/Erth      0%         3d7       71%         3
 Swiftness                Air            0%         N/A       71%         3
 Vampiric Draining        Necr           0%         2d6       71%         3
 Volatile Blastmotes      Fire/Tloc      0%         2d10      71%         3
 Airstrike                Air            0%         2d(0-16)  98%         4
 Animate Armour           Summ/Erth      0%         N/A       98%         4
 Fulminant Prism          Conj/Hex       0%         3d5       98%         4
 Iskenderun's Mystic Bla  Conj/Tloc      0%         2d3       98%         4
 Summon Lightning Spire   Summ/Air       0%         N/A       98%         4
 Vhi's Electric Charge    Tloc/Air       0%         N/A       98%         4
 Alistair's Intoxication  Tmut/Pois      0%         N/A       100%        5
 Arcjolt                  Conj/Air       0%         1d10      100%        5
 Borgnjor's Vile Clutch   Necr/Erth      0%         N/A       100%        5
 Lee's Rapid Deconstruct  Erth           0%         3d4*      100%        5
 Eringya's Noxious Bog    Tmut/Pois      0%         4d6       100%        6
 Plasma Beam              Fire/Air       0%         2x1d10    100%        6
 Disjunction              Tloc           0%         N/A       100%        8

Inventory:

Missiles
 g - 9 stones
Armour
 a - a +1 animal skin
 j - the +2 robe of Distant Worlds (melded) {Int+2 Dex+2}
   (You found it on level 4 of the Dungeon)

   Int+2:     It affects your intelligence (+2).
   Dex+2:     It affects your dexterity (+2).
 x - the +0 cloak of the Imp {Slay+2 SInv}
   (You found it in a Gauntlet)

   Slay+2:    It affects your accuracy & damage with ranged weapons and melee
   (+2).
   SInv:      It lets you see invisible.
 L - the +2 helmet of the Green God (melded) {rPois}
   (You found it on level 10 of the Dungeon)

   rPois:     It protects you from poison
 S - a +1 cloak (melded)
   (You found it on level 11 of the Dungeon)
Magical Staves
 y - a staff of death {!a}
   (You found it on level 5 of the Dungeon)
 U - a staff of air {!a}
   (You found it in a Gauntlet)
Jewellery
 C - a ring of ice
   (You found it on level 2 of the Lair of Beasts)
 D - a +6 ring of dexterity
   (You found it on level 2 of the Lair of Beasts)
 E - a +5 ring of evasion (left foreclaw)
   (You found it on level 6 of the Dungeon)
 F - a ring of fire
   (You took it off an orc on level 11 of the Dungeon)
 N - a ring of positive energy (right foreclaw)
   (You found it on level 11 of the Dungeon)
 P - a ring of poison resistance
   (You took it off an orc on level 5 of the Dungeon)
 T - an amulet of faith {!P}
   (You found it on level 12 of the Dungeon)
Talismans
 c - a beast talisman
 d - a flux talisman
 O - a blade talisman
   (You found it on level 12 of the Dungeon)
 Y - a dragon-blood talisman (active)
   (You found it in a Gauntlet)
Wands
 h - a wand of digging (13)
   (You found it on level 4 of the Dungeon)
 k - a wand of paralysis (20)
   (You found it on level 2 of the Dungeon)
 m - a wand of mindburst (23)
   (You found it on level 3 of the Dungeon)
 n - a wand of roots (9)
   (You found it on level 11 of the Dungeon)
 G - a wand of polymorph (3)
   (You took it off Amaemon on level 9 of the Dungeon)
 Q - a wand of flame (44)
   (You found it on level 8 of the Dungeon)
Scrolls
 l - 7 scrolls of teleportation {@r4}
 o - 4 scrolls of fear
 p - a scroll of butterflies
 r - a scroll of blinking {!r}
 u - 2 scrolls of vulnerability {!r!r}
 z - 2 scrolls of immolation {!r!r}
 H - a scroll of torment {!r}
 I - a scroll of silence {!r}
 M - a scroll of enchant weapon
 W - a scroll of fog
 X - a scroll of enchant armour
Potions
 b - 2 potions of lignification {!q}
 e - 2 potions of enlightenment
 f - 3 potions of curing {@q1}
 i - 3 potions of magic
 q - 6 potions of mutation {!q}
 s - 3 potions of heal wounds {@q2}
 t - a potion of haste {@q3}
 v - 2 potions of might
 w - 5 potions of invisibility
 A - 4 potions of berserk rage {!q}
 B - a potion of cancellation
 J - a potion of brilliance

Dungeon Overview and Level Annotations

Branches:
Dungeon (12/15) Zot: 26723  Temple (1/1) D:5 Zot: 5960    Lair (3/5) D:10 Zot: 15065
  Swamp (0/4) Lair:2        Snake (0/4) Lair:2          Orc (0/2) D:9
  Sewer (visited)         Gauntlet (visited)

Altars:
Ashenzari
Cheibriados
Dithmenos
Fedhas
Gozag
Hepliaklqana
Kikubaaqudgha
Makhleb
Nemelex Xobeh
Okawaru
Qazlal
Ru
Sif Muna
Trog
Uskayaw
Vehumet
Wu Jian
Xom
Yredelemnul

Shops:
D:5 **   D:7 *   D:9 ? D:10

( #....## #~~~~.
......... #..~~~
.#P.......# #~.~~~
...........# #..~~~#
=.........## #..~≈lP
#............ #...≈~~
##...........#
#..≈~~~##D..........##
#...~≈~nZ............#
#....≈~Z##P.........#
#...~~~~~#P.........#
#8..~~~~####........#
#$..~~~~. ##.......#
#(...≈~~. ##......#
#)...~~~.. ###.#...##
#)∩..~~~...#.#.#.###


You could see a bog body, an anaconda simulacrum and a wolf simulacrum
(wandering).


Message History

😮 HP[+1] Unknown command.
You spin and attack the komodo dragon repeatedly.
You hit the komodo dragon. You bite the komodo dragon!!
Your tail-slap misses the komodo dragon.
The komodo dragon bites you!
Your blood congeals into armour. 😮 HP[-11]
You take 11 damage, and now have 57/99 hp.
You maul the komodo dragon!!!
You kill the komodo dragon!
The Council accepts your kill. 😮 HP[+2]
You regained 2 hp, and now have 59/99 hp.
You barely miss the polar bear.
Your tail-slap misses the polar bear.
The polar bear barely misses you.
The polar bear claws you but does no damage.
The polar bear closely misses you. 😮 HP[+2]
You regained 2 hp, and now have 61/99 hp.
Unknown command.
You maul the polar bear!!!
You tail-slap the polar bear, but do no damage.
The polar bear bites you but does no damage.
The polar bear barely misses you.
The polar bear claws you but does no damage. 😮 HP[+2]
You regained 2 hp, and now have 63/99 hp.
You barely miss the polar bear. You tail-slap the polar bear. 😮 HP[+2]
You regained 2 hp, and now have 65/99 hp.
Unknown command.
You hit the polar bear.
You kill the polar bear!
The Council accepts your kill. 😮 HP[+3]
You now have 100 max hp (+1).
You regained 3 hp, and now have 68/100 hp.
You bite the wolf!!
You kill the wolf!
The Council accepts your kill.
Your blood armour dries and flakes away. 😮 HP[+4]
You regained 4 hp, and now have 72/100 hp.
You claw the polar bear! You tail-slap the polar bear.
Your claw misses the polar bear. The polar bear bites you!
Your blood congeals into armour.
The polar bear misses you.
The polar bear closely misses you. 😮 HP[-6]
You take 6 damage, and now have 66/100 hp.
You bite the polar bear!!
The bog body points at you and mumbles some strange words.
The bolt of cold hits the ice devil.
The ice devil completely resists.
The bolt of cold hits the polar bear!
The polar bear resists.
The polar bear dies!
The bolt of cold misses you. 😮 HP[+4]
You regained 4 hp, and now have 70/100 hp.
You maul the naga simulacrum!!!
The Council accepts your kill.
Your blood armour dries and flakes away. 😮 HP[+3]
You regained 3 hp, and now have 73/100 hp.
You swing at nothing. 😕 HP[+4]
You regained 4 hp, and now have 77/100 hp.
You swing at nothing. 😕 HP[+3]
You regained 3 hp, and now have 80/100 hp.
You lunge at the ice devil.
You bite the ice devil!!
Things that are here:
a polar bear corpse; a komodo dragon corpse; a rime drake corpse You barely miss the ice devil.
You tail-slap the ice devil, but do no damage.
You claw the ice devil!
The ice devil hits you but does no damage. 😕 HP[+6]
You regained 6 hp, and now have 86/100 hp.
You closely miss the ice devil.
Your tail-slap misses the ice devil.
Your bite misses the ice devil.
The bog body gestures at you while chanting.
The bolt of cold hits you!
You feel a terrible chill! The ice devil misses you.
You bite the ice devil!!
You kill the ice devil!
The Council accepts your kill.
You are engulfed in freezing vapours.
Your blood congeals into armour.
The bog body touches you!
* * * LOW HITPOINT WARNING * * *
The bog body freezes you!!
You feel a terrible chill!
* * * LOW HITPOINT WARNING * * *
😱 HP[-62]
You take 62 damage, and now have 24/100 hp.
MASSIVE DAMAGE!! (PAUSE)
The bog body points at you and mumbles some strange words.
The bolt of cold hits the wolf simulacrum.
The wolf simulacrum completely resists.
The bolt of cold hits you!!
You feel a terrible chill!
You die...

Skill      XL: |  1  2  3  4  5  6  7  8  9 10 11 12 |
---------------+-------------------------------------+-----
Shapeshifting  | 3 4 5 7 8 9 10 12 | 12.8
Unarmed Combat | 3 4 5 6 7 10 12 | 12.5
Fighting       | 4 5 8 |  8.0
Dodging        | 5 8 |  8.0

Action                     |  1- 3 |  4- 6 |  7- 9 | 10-12 | 13-15 || total
---------------------------+-------+-------+-------+-------+-------++-------
  Melee: Unarmed           |   125 |    90 |   461 |   577 |    60 ||  1313
         Punch             |     3 |     4 |    17 |     6 |     6 ||    36
         Tailslap          |       |       |       |    12 |    14 ||    26
         Bite              |       |       |       |     7 |     5 ||    12
Ability: Lunge             |       |       |    27 |    46 |     3 ||    76
         Whirlwind         |       |       |    20 |     7 |     2 ||    29
  Evoke: Wand              |     1 |       |       |       |       ||     1
    Use: Scroll            |       |     8 |    14 |     5 |     2 ||    29
         Potion            |       |     5 |     2 |     3 |       ||    10
   Stab: Paralysed         |     9 |       |       |       |       ||     9
         Sleeping          |       |     2 |     3 |     1 |       ||     6
         Distracted        |       |       |       |     2 |       ||     2
 Armour: Animal skin       |    15 |    16 |       |       |       ||    31
         Skin              |       |    10 |       |    27 |    18 ||    55
         Robe              |       |       |   100 |    84 |       ||   184
  Dodge: Dodged            |    51 |    47 |   253 |   374 |    37 ||   762
   Form: Flux              |       |       |     1 |       |       ||     1
         Blade             |       |       |       |     1 |       ||     1
         Dragon            |       |       |       |     1 |       ||     1

Levels and vault maps discovered:
D:1:      saegor_arrival_simple_d, layout_rooms
D:2:      wad_crossroads, layout_basic, minmay_fountain_box, uniq_sigmund
D:3:      layout_basic
D:4:      layout_loops_cross, uniq_ijyb, uniq_menkaure
D:5:      layout_basic, minmay_temple_entry_wispy, cheibrodos_sewer_entry_drain,
          nicolae_specific_store, uniq_prince_ribbit1
D:6:      layout_basic
D:7:      layout_cave_pools, gammafunk_temple_overflow_elements,
          nicolae_shop_gadgets
D:8:      layout_basic, hex_medium, due_unseen_surprise
D:9:      layout_loops_ring, hiddenorc2_lemuel, serial_shops,
          nicolae_shop_pleasant_corner_grove, uniq_amaemon
D:10:     layout_irregular_city, minitemple,
          mainiacjoe_overflow_six_doors_small, nemelex_diamond_rough_becter,
          due_lair_maze_entry_diamond, serial_shops, shop
D:11:     kennysheep_spiral_hall, layout_irregular_city, uniq_psyche
D:12:     layout_stronghold, nicolae_stop_n_shop_1
Temple:   hellmonk_temple_two_chambers
Lair:1:   layout_gridlike, gauntlet_entry_generic, kennysheep_snail_temple,
          infiniplex_staircase_pool_2
Lair:2:   nzn_winding_woodlands_stair_cross [nzn_winding_woodlands_5x15_jagged,
          nzn_winding_woodlands_center_diamonds,
          nzn_winding_woodlands_5x15_garden,
          nzn_winding_woodlands_5x5_perimeter,
          nzn_winding_woodlands_5x5_open_star,
          nzn_winding_woodlands_5x15_zeroes,
          nzn_winding_woodlands_center_garden,
          nzn_winding_woodlands_5x15_sawtooth], layout_cave_pods,
          minmay_swamp_entry_worms, guppyfry_snake_entry_island,
          pdpol_lair_neglected_garden, chequers_serial_rivers_marsh,
          st_stairs_4, minivault_23, serial_bayou_pond_c, minivault_27,
          serial_bayou_crossing
Lair:3:   dreamdust_isle_of_ice, layout_cave_pods, lemuel_fruit_fields,
          uniq_nessos, uniq_rupert

Notes
Turn   | Place    | Note
-------+----------+-------------------------------------------
     0 | D:1      | kae the Demonspawn Shapeshifter began the quest for the
                  | Orb.
     0 | D:1      | Reached XP level 1. HP: 15/15 MP: 1/1
     0 | D:1      | magus.rc [v1.11.3]
    95 | D:1      | Reached skill level 3 in Shapeshifting
    99 | D:1      | Gained mutation: You have sharp fingernails. [demonic
                  | ancestry]
    99 | D:1      | Reached XP level 2. HP: 21/21 MP: 2/2
   199 | D:1      | Reached skill level 3 in Unarmed Combat
   331 | D:1      | You pick up a book of Geomancy and begin reading...
   331 | D:1      | You add the spells Sandblast, Passwall and Stone Arrow to
                  | your library.
   774 | D:2      | Gained mutation: A weak demonic guardian rushes to your
                  | aid. [demonic ancestry]
   774 | D:2      | Reached XP level 3. HP: 15/26 MP: 3/3
   955 | D:2      | Identified the -1 pair of boots of the Invisible Hand
                  | {Str+2}
  1319 | D:2      | You pick up a book of Blasting and begin reading...
  1319 | D:2      | You add the spells Volatile Blastmotes, Fulminant Prism and
                  | Iskenderun's Mystic Blast to your library.
  1352 | D:2      | Noticed Sigmund
  1366 | D:2      | Killed Sigmund
  1367 | D:2      | Reached skill level 4 in Unarmed Combat
  1367 | D:2      | Reached skill level 4 in Shapeshifting
  1367 | D:2      | Gained mutation: A demonic guardian rushes to your aid.
                  | [demonic ancestry]
  1367 | D:2      | Reached XP level 4. HP: 30/32 MP: 4/4
  1367 | D:2      | Gained mutation: You regenerate a little health from kills.
                  | [demonic ancestry]
  1367 | D:2      | Reached XP level 5. HP: 34/37 MP: 5/5
  1937 | D:3      | Gained mutation: You regenerate health from kills. [demonic
                  | ancestry]
  1937 | D:3      | Reached XP level 6. HP: 42/43 MP: 6/6
  2062 | D:3      | Reached skill level 5 in Shapeshifting
  2300 | D:3      | You pick up a book of Debilitation and begin reading...
  2300 | D:3      | You add the spells Slow, Vampiric Draining and Confusing
                  | Touch to your library.
  2444 | D:4      | Noticed Menkaure
  2449 | D:3      | HP: 2/43 [Menkaure (20)]
  2457 | D:3      | Killed Menkaure
  2582 | D:4      | Noticed Ijyb
  2590 | D:4      | Killed Ijyb
  2606 | D:4      | Identified the +2 robe of Distant Worlds {Int+2 Dex+2}
  2707 | D:4      | HP: 10/43 [goblin/+0 dagger (4)]
  2709 | D:4      | Gained mutation: When seriously injured, your blood forms
                  | armour. (AC +9) [demonic ancestry]
  2709 | D:4      | Reached XP level 7. HP: 11/48 MP: 7/7
  3246 | D:5      | Entered Level 5 of the Dungeon
  3317 | D:5      | Found a staircase to the Ecumenical Temple.
  3324 | D:5      | Noticed Prince Ribbit
  3329 | Temple   | Entered the Ecumenical Temple
  3362 | Temple   | Became a worshipper of the Wu Jian Council
  3383 | D:5      | Killed Prince Ribbit
  3384 | D:5      | Reached skill level 5 in Unarmed Combat
  3384 | D:5      | Reached skill level 6 in Shapeshifting
  3389 | D:5      | Found a glowing drain.
  3439 | Sewer    | Entered a sewer
  3500 | Sewer    | Reached * piety under Wu Jian
  3605 | Sewer    | Found a viscous altar of Jiyva.
  3688 | D:5      | Found Deiboewk's General Store.
  3690 | D:5      | Found Sydeili's Specific Store.
  3733 | D:5      | Noticed a wraith
  3764 | D:5      | Killed a wraith
  3765 | D:5      | Reached skill level 7 in Shapeshifting
  3765 | D:5      | Gained mutation: Your magical and physical power is
                  | slightly enhanced at high health. [demonic ancestry]
  3765 | D:5      | Reached XP level 8. HP: 23/54 MP: 8/8
  4614 | D:6      | Reached skill level 6 in Unarmed Combat
  4750 | D:6      | Reached ** piety under Wu Jian
  4763 | D:6      | HP: 10/54 [centaur/arrow (6)]
  4771 | D:6      | Reached skill level 8 in Shapeshifting
  5103 | D:6      | HP: 1/54 [steam dragon/ball of steam (21)]
  5301 | D:7      | Reached XP level 9. HP: 59/59 MP: 9/9
  5413 | D:7      | Found Upor Qao's Gadget Gallery.
  5441 | D:7      | HP: 13/59 [poisoned by a killer bee]
  5446 | D:7      | HP: 9/59 [poisoned by a killer bee]
  5449 | D:6      | HP: 4/59 [killer bee (2)]
  5451 | D:6      | Reached skill level 7 in Unarmed Combat
  5678 | D:7      | Reached skill level 2 in Fighting
  5712 | D:6      | HP: 15/61 [sky beast (5)]
  5715 | D:6      | Reached skill level 9 in Shapeshifting
  6021 | D:7      | You add the spells Poisonous Vapours and Disjunction to
                  | your library.
  6021 | D:7      | Got Jiobaaf's Vellum of Spatial Putrescence
  6180 | D:7      | You fall into a shaft and drop 2 floors!
  6208 | D:9      | Reached *** piety under Wu Jian
  6209 | D:9      | Reached skill level 3 in Fighting
  6289 | D:9      | Found Ceski's Magic Scroll Emporium.
  6298 | D:9      | Bought a scroll of identify for 20 gold pieces
  6302 | D:9      | Bought a scroll of identify for 20 gold pieces
  6541 | D:9      | Found a staircase to the Orcish Mines.
  6661 | D:9      | Reached **** piety under Wu Jian
  6676 | D:9      | HP: 15/65 [wight/+3 battleaxe (7)]
  6680 | D:9      | Reached skill level 4 in Fighting
  6892 | D:8      | You add the spells Alistair's Intoxication, Borgnjor's Vile
                  | Clutch and Eringya's Noxious Bog to your library.
  7126 | D:8      | Gained mutation: When seriously injured, your blood forms
                  | thick armour. (AC +9) [demonic ancestry]
  7126 | D:8      | Reached XP level 10. HP: 24/71 MP: 10/10
  7131 | D:8      | HP: 15/71 [orc priest/divine providence (16)]
  7133 | D:8      | HP: 3/71 [orc priest/nerve-wracking pain (13)]
  7461 | D:8      | Reached skill level 10 in Shapeshifting
  7467 | D:8      | Reached skill level 8 in Unarmed Combat
  8221 | D:8      | Noticed a two-headed ogre
  8231 | D:8      | Killed a two-headed ogre
  8232 | D:8      | Reached skill level 5 in Fighting
  8437 | D:7      | Found a radiant altar of Vehumet.
  8437 | D:7      | Found a snail-covered altar of Cheibriados.
  8704 | D:9      | Noticed an orange demon
  8705 | D:9      | Noticed Amaemon
  8718 | D:9      | Killed Amaemon
  8719 | D:9      | Reached skill level 9 in Unarmed Combat
  8726 | D:9      | Killed an orange demon
  9241 | D:9      | Reached skill level 10 in Unarmed Combat
  9241 | D:9      | Reached skill level 2 in Dodging
  9248 | D:9      | Reached skill level 3 in Dodging
  9254 | D:9      | Reached skill level 4 in Dodging
  9484 | D:9      | Noticed a two-headed ogre
  9491 | D:9      | Killed a two-headed ogre
  9492 | D:9      | Reached skill level 5 in Dodging
  9694 | D:10     | Entered Level 10 of the Dungeon
  9716 | D:10     | Reached XP level 11. HP: 58/79 MP: 11/11
  9798 | D:10     | Found a hazy altar of Hepliaklqana.
  9801 | D:10     | Found a shimmering blue altar of Sif Muna.
  9802 | D:10     | Found an ancient bone altar of Kikubaaqudgha.
  9887 | D:10     | Noticed a two-headed ogre
  9905 | D:10     | Killed a two-headed ogre
  9906 | D:10     | Reached skill level 6 in Dodging
 10123 | D:10     | Reached ***** piety under Wu Jian
 10132 | D:10     | Found a staircase to the Lair.
 10168 | D:10     | Identified the +2 helmet of the Green God {rPois}
 10214 | D:10     | You pick up a book of Air and begin reading...
 10214 | D:10     | You add the spells Shock, Swiftness and Airstrike to your
                  | library.
 10267 | D:10     | Found a stormy altar of Qazlal.
 10354 | D:10     | Reached skill level 7 in Dodging
 10490 | D:10     | Found a sparkling altar of Nemelex Xobeh.
 10692 | D:10     | Found Saammus's Weapon Boutique.
 10814 | D:11     | HP: 19/81 [barbs]
 10816 | D:11     | HP: 7/81 [barbs]
 10818 | D:11     | HP: 3/81 [barbs]
 11074 | D:10     | Reached skill level 6 in Fighting
 11455 | D:11     | Noticed a two-headed ogre
 11466 | D:11     | Killed a two-headed ogre
 11628 | D:11     | Noticed a two-headed ogre
 11638 | D:11     | Killed a two-headed ogre
 11639 | D:11     | Reached skill level 7 in Fighting
 11639 | D:11     | Reached skill level 8 in Dodging
 11732 | D:11     | Noticed a boulder beetle
 11748 | D:11     | Killed a boulder beetle
 11842 | D:11     | Reached skill level 8 in Fighting
 11981 | D:11     | Noticed Psyche
 11992 | D:11     | Killed Psyche
 12037 | D:11     | You pick up a book of Lightning and begin reading...
 12037 | D:11     | You add the spells Vhi's Electric Charge, Arcjolt and
                  | Plasma Beam to your library.
 12312 | D:12     | Reached XP level 12. HP: 90/92 MP: 12/12
 12572 | Lair:1   | Entered Level 1 of the Lair of Beasts
 12809 | Lair:1   | Found a snail-covered altar of Cheibriados.
 12934 | Lair:1   | Reached skill level 11 in Unarmed Combat
 12974 | Lair:1   | Found a gate leading to a gauntlet.
 13031 | Gauntlet | Entered a Gauntlet
 13031 | Gauntlet | Found a transporter.
 13031 | Gauntlet | Found a transporter.
 13159 | Gauntlet | Found a transporter.
 13161 | Gauntlet | Found a transporter.
 13177 | Gauntlet | Found a transporter.
 13193 | Gauntlet | Found a transporter.
 13193 | Gauntlet | Found a transporter.
 13195 | Gauntlet | Found a transporter.
 13195 | Gauntlet | Found a transporter.
 13207 | Gauntlet | Found a transporter.
 13225 | Gauntlet | Found a transporter.
 13235 | Gauntlet | Found a transporter.
 13241 | Gauntlet | Found a transporter.
 13281 | Gauntlet | Found a transporter.
 13332 | Gauntlet | Reached skill level 11 in Shapeshifting
 13618 | Gauntlet | Gained mutation: You are vulnerable to cold. (rC-) [a
                  | neqoxec]
 13640 | Gauntlet | Identified the +0 cloak of the Imp {Slay+2 SInv}
 13691 | Gauntlet | Noticed a minotaur
 13706 | Gauntlet | Killed a minotaur
 14484 | Lair:2   | Noticed a seven-headed hydra
 14639 | Lair:2   | Reached skill level 12 in Unarmed Combat
 14639 | Lair:2   | Reached skill level 12 in Shapeshifting
 14662 | Lair:2   | You pick up a book of Minor Magic and begin reading...
 14662 | Lair:2   | You add the spells Magic Dart, Call Imp and Mephitic Cloud
                  | to your library.
 14770 | Lair:2   | Reached XP level 13. HP: 74/98 MP: 13/13
 14803 | Lair:2   | You pick up a book of Iron and begin reading...
 14803 | Lair:2   | You add the spells Summon Lightning Spire, Animate Armour
                  | and Lee's Rapid Deconstruction to your library.
 14805 | Lair:2   | Found a staircase to the Snake Pit.
 15659 | Lair:2   | Found a staircase to the Swamp.
 16378 | Lair:3   | HP: 24/100 [bog body (18)]
 16379 | Lair:3   | Killed from afar by a bog body

Vanquished Creatures
  A minotaur (Gauntlet)
  2 hydras (Lair:2)
  A boulder beetle (D:11)
  5 two-headed ogres
  A wretched star (Gauntlet)
  A cyclops (D:11)
  A manticore (D:11)
  An ice statue (Gauntlet)
  2 black mambas
  4 cane toads
  2 torpor snails (Lair:1)
  Psyche (D:11)
  4 rime drakes
  9 komodo dragons
  2 kobold demonologists
  An ice devil (Lair:3)
  2 tyrant leeches (Lair:2)
  2 polar bears
  A troll (D:11)
  A dream sheep (Lair:2)
  2 blink frogs (Lair:2)
  Sigmund (D:2)
  3 centaur simulacra (Gauntlet)
  3 wraiths (D:11)
  19 yaks
  2 wyverns (Lair:2)
  3 neqoxecs (Gauntlet)
  A basilisk (Lair:1)
  3 steam dragons
  2 vampire mosquitoes (D:12)
  Menkaure (D:3)
  A naga (Lair:2)
  An acid dragon (D:9)
  11 water moccasins
  4 black bears (D:10)
  5 orc warriors
  3 sky beasts
  An ogre (D:6)
  7 wolves
  5 centaurs
  2 phantoms (D:6)
  13 bullfrogs
  5 kobold brigands
  A scorpion (D:3)
  4 wights (D:9)
  8 killer bees
  2 electric eels (Lair:2)
  A howler monkey (D:11)
  A wyvern simulacrum (Gauntlet)
  5 jellies
  12 orc priests
  2 hounds (D:6)
  Ijyb (D:4)
  4 iguanas
  19 orc wizards
  8 adders
  15 gnolls
  A naga simulacrum (Lair:3)
  2 river rats (Sewer)
  2 white imps
  3 worms (D:2)
  4 dart slugs
  58 orcs
  3 bats
  12 endoplasms
  7 giant cockroaches
  5 goblins
  8 hobgoblins
  3 jackals (D:2)
  5 quokkas
  16 ball pythons
  8 frilled lizards
  28 kobolds
  11 rats
401 creatures vanquished.

Vanquished Creatures (collateral kills)
  A hydra (Lair:2)
  Amaemon (D:9)
  A manticore (D:12)
  An orange demon (D:9)
  A cane toad (Lair:2)
  A tyrant leech (Lair:2)
  A troll (D:10)
  Prince Ribbit (D:5)
  2 yaks
  A wraith (D:5)
  2 bullfrogs (D:10)
  2 killer bees
  A jelly (D:4)
  A gnoll bouda (D:7)
  A gnoll (D:7)
  An adder (Sewer)
  A shadow imp (D:6)
  3 orcs
  2 endoplasms
  A ball python (Sewer)
  3 kobolds
29 creatures vanquished.

Vanquished Creatures (others)
  A polar bear (Lair:3)
1 creature vanquished.

Grand Total: 431 creatures vanquished

Table legend:
 A = Non-vault XP
 B = Vault XP
 C = Vault XP percentage of total XP
 D = Non-vault monster count
 E = Vault monster count
 F = Vault count percentage of total count
                 A         B        C        D         E       F
            +---------+---------+-------+---------+---------+-------
      Total |   23866 |   21118 |  46.9 |     293 |     138 |  32.0
            +---------+---------+-------+---------+---------+-------
        D:1 |      34 |       0 |   0.0 |      18 |       0 |   0.0
        D:2 |      71 |     240 |  77.2 |      24 |       5 |  17.2
        D:3 |     150 |     169 |  53.0 |      24 |       1 |   4.0
        D:4 |     164 |      35 |  17.6 |      20 |       1 |   4.8
        D:5 |     366 |     281 |  43.4 |      15 |       5 |  25.0
        D:6 |    1433 |       0 |   0.0 |      27 |       0 |   0.0
        D:7 |     728 |       0 |   0.0 |      22 |       0 |   0.0
        D:8 |    1890 |       0 |   0.0 |      24 |       0 |   0.0
        D:9 |    3478 |    1606 |  31.6 |      35 |      34 |  49.3
       D:10 |    2974 |    1440 |  32.6 |      25 |      10 |  28.6
       D:11 |    4029 |    2328 |  36.6 |      24 |       5 |  17.2
       D:12 |    1245 |       0 |   0.0 |       4 |       0 |   0.0
     Lair:1 |    4310 |     831 |  16.2 |      18 |       2 |  10.0
     Lair:2 |    2170 |    8563 |  79.8 |      10 |      30 |  75.0
     Lair:3 |     824 |    1515 |  64.8 |       3 |       7 |  70.0
      Sewer |       0 |     180 | 100.0 |       0 |      27 | 100.0
   Gauntlet |       0 |    3930 | 100.0 |       0 |      11 | 100.0
            +---------+---------+-------+---------+---------+-------

Skill      XL: |  1  2  3  4  5  6  7  8  9 10 11 12 |
---------------+-------------------------------------+-----
Shapeshifting  | 3 4 5 7 8 9 10 12 | 12.8
Unarmed Combat | 3 4 5 6 7 10 12 | 12.5
Fighting       | 4 5 8 |  8.0
Dodging        | 5 8 |  8.0

Action                     |  1- 3 |  4- 6 |  7- 9 | 10-12 | 13-15 || total
---------------------------+-------+-------+-------+-------+-------++-------
  Melee: Unarmed           |   125 |    90 |   461 |   577 |    60 ||  1313
         Punch             |     3 |     4 |    17 |     6 |     6 ||    36
         Tailslap          |       |       |       |    12 |    14 ||    26
         Bite              |       |       |       |     7 |     5 ||    12
Ability: Lunge             |       |       |    27 |    46 |     3 ||    76
         Whirlwind         |       |       |    20 |     7 |     2 ||    29
  Evoke: Wand              |     1 |       |       |       |       ||     1
    Use: Scroll            |       |     8 |    14 |     5 |     2 ||    29
         Potion            |       |     5 |     2 |     3 |       ||    10
   Stab: Paralysed         |     9 |       |       |       |       ||     9
         Sleeping          |       |     2 |     3 |     1 |       ||     6
         Distracted        |       |       |       |     2 |       ||     2
 Armour: Animal skin       |    15 |    16 |       |       |       ||    31
         Skin              |       |    10 |       |    27 |    18 ||    55
         Robe              |       |       |   100 |    84 |       ||   184
  Dodge: Dodged            |    51 |    47 |   253 |   374 |    37 ||   762
   Form: Flux              |       |       |     1 |       |       ||     1
         Blade             |       |       |       |     1 |       ||     1
         Dragon            |       |       |       |     1 |       ||     1

Illustrated notes

Table legend:
 A = Kills in this place as a percentage of kills in the entire game.
 B = Kills by you in this place as a percentage of kills by you in the entire game.
 C = Kills by friends in this place as a percentage of kills by friends in the entire game.
 D = Other kills in this place as a percentage of other kills in the entire game.
 E = Experience gained in this place as a percentage of experience gained in the entire game.
 F = Experience gained in this place divided by the number of levels of this place that you have seen.
                   A       B       C       D       E      F
               +-------+-------+-------+-------+-------+----------------------
         Total | 100.0 | 100.0 | 100.0 | 100.0 | 100.0 | 2499.1
       Dungeon |  74.9 |  74.8 |  79.3 |   0.0 |  50.4 | 1888.4
          Lair |  16.2 |  16.5 |  10.3 | 100.0 |  40.5 | 6071.0
         Sewer |   6.3 |   6.0 |  10.3 |   0.0 |   0.4 | 180.0
      Gauntlet |   2.6 |   2.7 |   0.0 |   0.0 |   8.7 | 3930.0
               +-------+-------+-------+-------+-------+----------------------

Table legend: (Time is in decaauts)
 A = Elapsed time spent in this place.
 B = Non-inter-level travel time spent in this place.
 C = Inter-level travel time spent in this place.
 D = Time resting spent in this place.
 E = Time spent auto-exploring this place.
 F = Levels seen in this place.
 G = Mean time per level.
                   A        B        C        D        E       F      G
               +--------+--------+--------+--------+--------+-----+--------+
         Total |  16260 |  15839 |    421 |   1792 |  11192 |  18 |  903.3 |
       Dungeon |  12171 |  11834 |    337 |   1447 |   8310 |  12 | 1014.2 |
        Temple |     39 |     39 |      0 |      0 |      0 |   1 |   39.0 |
          Lair |   2933 |   2849 |     84 |     76 |   2378 |   3 |  977.7 |
         Sewer |    262 |    262 |      0 |      0 |    124 |   1 |  262.0 |
      Gauntlet |    853 |    853 |      0 |    269 |    379 |   1 |  853.0 |
               +--------+--------+--------+--------+--------+-----+--------+

Top non-repeatable levels by time:
  Lair:2: 1755 daAuts
     D:9: 1678 daAuts
     D:8: 1578 daAuts
    D:10: 1475 daAuts
    D:11: 1190 daAuts
     D:6: 1173 daAuts
  Lair:1: 1076 daAuts
     D:3: 927 daAuts
     D:5: 921 daAuts
     D:2: 895 daAuts
Gauntlet: 853 daAuts
     D:7: 774 daAuts
     D:4: 714 daAuts
     D:1: 675 daAuts
   Sewer: 262 daAuts
